 Dungeon Crawl Stone Soup version 0.32-a0-732-ga344392067 (webtiles) character file.

Game seed: 12767043799125383639

10 gimp the Grave Robber (level 2, -1/22 HPs)
             Began as a Coglin Wanderer on Mar 16, 2024.
             Succumbed to a goblin's poison
             ... on level 1 of the Dungeon.
             The game lasted 00:00:42 (1019 turns).

gimp the Grave Robber (Coglin Wanderer)             Turns: 1019, Time: 00:00:43

Health: -1/22      AC:  2    Str: 11    XL:     2   Next: 20%
Magic:  3/3        EV: 10    Int: 12    God:
Gold:   86         SH:  0    Dex: 13    Spells: 2/3 levels left

rFire   . . .        a - +0 dagger {Yvonne}
rCold   . . .        e - +0 dagger {Yejun}
rNeg    . . .        c - +0 robe
rPois   .            (no helmet)
rElec   .            (no cloak)
rCorr   .            (no gloves)
SInv    .            (no boots)
Will    .....        (amulet unavailable)
Stlth   +            (ring unavailable)
HPRegen 0.23/turn    (ring unavailable)
MPRegen 0.08/turn    (no gizmo)

%: no passive effects
@: lethally poisoned (-1 -> -9), revving
A: off-hand wielding, slow wielding, warmup strikes, no jewellery
a: Invent Gizmo


You were on level 1 of the Dungeon.
You visited 1 branch of the dungeon, and saw 1 of its levels.

You collected 86 gold pieces.

Inventory:

Hand Weapons
 a - a +0 dagger (weapon) {Yvonne}
 e - a +0 dagger (offhand) {Yejun}
Armour
 c - a +0 robe (worn)
Scrolls
 f - 3 scrolls of identify {unknown}
 h - 3 scrolls of fear {unknown}
Potions
 b - a potion of heal wounds
 d - 2 potions of lignification
 g - 2 potions of mutation {unknown}


   Skills:
 + Level 2.2 Fighting
 - Level 2.6 Throwing
 - Level 1.0 Dodging
 - Level 1.0 Spellcasting
 - Level 1.0 Hexes
 - Level 3.0 Necromancy


You had 2 spell levels left.
You knew the following spells:

 Your Spells              Type           Power      Damage    Failure   Level
a - Necrotise             Necr           28%        1d5       9%          1

Your spell library contained the following spells:

 Spells                   Type           Power      Damage    Failure   Level
 Apportation              Tloc           0%         N/A       30%         1
 Sting                    Conj/Alch      0%         1d3       30%         1
 Summon Small Mammal      Summ           0%         N/A       30%         1
 Jinxbite                 Hex            6%         N/A       30%         2
 Ensorcelled Hibernation  Hex/Ice        2%         N/A       36%         2
 Animate Dead             Necr           7%         N/A       65%         4
 Dispel Undead            Necr           7%         3d8       65%         4


Dungeon Overview and Level Annotations

Branches:
Dungeon (1/15)

Altars:


Innate Abilities, Weirdness & Mutations

You can wield a second weapon in your off-hand.
It takes a long time for you to wield or remove held weapons.
Your first few attacks do less damage.
You cannot equip rings or amulets.


Message History

You kill the endoplasm!
Your Fighting skill increases to level 2!
You have reached level 2!
MP restored: 3
Things that are here:
a ball python corpse; a quokka corpse
Found a stone staircase leading down.
Health restored: 22 You now have 54 gold pieces (gained 14).
A rat comes into view.
A rat is nearby!
A rat is nearby!
The rat squeaks loudly.
The rat bites you.
You take 3 damage, and have 19/22 hp.
You hit the rat with your +0 dagger.
The rat is heavily wounded.
You closely miss the rat with your +0 dagger.
The rat bites you but does no damage.
You barely miss the rat with your +0 dagger.
The rat is heavily wounded.
You hit the rat but do no damage. The rat misses you.
You hit the rat with your +0 dagger.
You kill the rat!
No target in view!
You now have 71 gold pieces (gained 17).
A ball python comes into view.
Found a stone staircase leading down.
The ball python hisses angrily.
Health restored: 22 A ball python is nearby!
A ball python is nearby!
A ball python is nearby!
Found 3 scrolls labelled ZISCHI QELOTAX.
The ball python bites you. The ball python closely misses you.
You take 1 damage, and have 21/22 hp.
You hit the ball python with your +0 dagger.
The ball python is moderately wounded.
You hit the ball python with your +0 dagger.
You kill the ball python!
No target in view!
No target in view!
h - 3 scrolls labelled ZISCHI QELOTAX Health restored: 22 You see here a ball python corpse.
Found a mace.
You see here a +0 mace.
A rat comes into view.
A rat is nearby!
A rat is nearby!
A rat is nearby!
The rat squeaks loudly.
You hit the rat with your +0 dagger.
The rat is severely wounded.
You hit the rat with your +0 dagger.
You kill the rat!
No target in view!
No target in view!
A goblin comes into view. It is wielding a +2 dagger of venom.
A goblin is nearby!
A goblin is nearby!
A goblin is nearby!
There are no items here.
The goblin shouts!
You see here 15 gold pieces.
You now have 86 gold pieces (gained 15).
The goblin hits you with a +2 dagger of venom.
You are poisoned.
You take 4 damage, and have 18/22 hp.
You closely miss the goblin with your +0 dagger.
You completely miss the goblin with your +0 dagger.
You feel very sick. The goblin barely misses you.
You take 3 damage, and have 15/22 hp.
You barely miss the goblin with your +0 dagger.
You hit the goblin with your +0 dagger.
You feel very sick.
The goblin hits you with a +2 dagger of venom.
You are lethally poisoned!
You take 6 damage, and have 9/22 hp.
MASSIVE DAMAGE!!
You are too injured to fight recklessly!
You are too injured to fight recklessly!
You are too injured to fight recklessly!
You hit the goblin with your +0 dagger.
The goblin is heavily wounded.
You hit the goblin with your +0 dagger.
You kill the goblin!
* * * LOW HITPOINT WARNING * * *
You feel very sick.
You take 3 damage, and have 6/22 hp.
* * * LOW HITPOINT WARNING * * *
You feel very sick.
Things that are here:
a +2 dagger of venom; a goblin corpse You take 3 damage, and have 3/22 hp.
* * * LOW HITPOINT WARNING * * *
You feel sick.
You take 2 damage, and have 1/22 hp.
Found a scroll labelled XOLAEXT RELIUWI.
You die...

#.# #.# #.# #.# #.# ß ##
#.# ### ## ..#
.###.########ß###ß##...#
........................
.###.######...).@.......
.# #...................?
.# ##########ß###ß###⌠##
## ### ################
## #.#............. .#
#.#.....#.#####. .##
#.###.###.#..... .ß#
#.........#.#### .##
############.#


There were no monsters in sight!

Vanquished Creatures
  An endoplasm (D:1)
  2 goblins (D:1)
  A quokka (D:1)
  4 ball pythons (D:1)
  2 rats (D:1)
10 creatures vanquished.

Notes
Turn   | Place    | Note
-------+----------+-------------------------------------------
     0 | D:1      | gimp the Coglin Wanderer began the quest for the Orb.
     0 | D:1      | gimp set off with the following items: a +0 dagger
                  | {Yvonne}, a potion of heal wounds, a +0 robe, a potion of
                  | lignification, a +0 dagger {Yejun}; and the following spell
                  | memorised: Necrotise; and the following spells available to
                  | memorise: Jinxbite, Ensorcelled Hibernation, Animate Dead,
                  | Dispel Undead.
     0 | D:1      | Reached XP level 1. HP: 15/15 MP: 2/2
   624 | D:1      | Reached XP level 2. HP: 3/22 MP: 3/3
  1018 | D:1      | HP: 1/22 [poisoned by a goblin]
  1019 | D:1      | Succumbed to a goblin's poison

Illustrated notes

Levels and vault maps discovered:
D:1:      dreamdust_arrival_sigmund_warning, layout_basic, serial_corexii_hall,
          corexii_hall_statues_l, corexii_hall_statues_x,
          corexii_hall_statues_t, corexii_hall_statues_t

Skill      XL: |  1 |
---------------+----+-----
Fighting       | 2 |  2.2
Throwing       | |  2.6
Dodging        | |  1.0
Spellcasting   | |  1.0
Hexes          | |  1.0
Necromancy     | |  3.0

Action                     || total
---------------------------++-------
  Melee: Dagger            ||    37
 Armour: Robe              ||    13
  Dodge: Dodged            ||    10

Table legend: (Time is in decaauts)
 A = Elapsed time spent in this place.
 B = Non-inter-level travel time spent in this place.
 C = Inter-level travel time spent in this place.
 D = Time resting spent in this place.
 E = Time spent auto-exploring this place.
 F = Levels seen in this place.
 G = Mean time per level.
                   A        B        C        D        E       F      G
               +--------+--------+--------+--------+--------+-----+--------+
         Total |   1019 |   1019 |      0 |      0 |    955 |   1 | 1019.0 |
       Dungeon |   1019 |   1019 |      0 |      0 |    955 |   1 | 1019.0 |
               +--------+--------+--------+--------+--------+-----+--------+

Top non-repeatable levels by time:
     D:1: 1019 daAuts
